 Dungeon Crawl Stone Soup version 0.17.0-7-gfadd4cc (webtiles) character file.

368 JudasIscariot the Skirmisher (level 6, -5/56 HPs)
             Began as a Ghoul Abyssal Knight on Nov 8, 2015.
             Was a Priest of Lugonu.
             Killed from afar by a deep elf mage (11 damage)
             ... with a shard of ice
             ... on level 5 of the Dungeon.
             The game lasted 00:14:27 (3089 turns).

JudasIscariot the Skirmisher (Ghoul Abyssal Knight) Turns: 3089, Time: 00:14:28

Health: -5/56      AC: 12    Str: 18    XL:     6   Next: 69%
Magic:  7/7        EV:  5    Int:  7    God:    Lugonu [***...]
Gold:   216        SH:  0    Dex:  8    Spells: 0 memorised, 5 levels left

rFire  + . .     SeeInvis .     a - +1 mace
rCold  . . .     Clarity  .     m - +0 plate armour
rNeg   + + +     SustAt   .     (no shield)
rPois  ∞         Gourm    .     (no helmet)
rElec  .         Spirit   .     (no cloak)
rCorr  .         Warding  .     k - +0 pair of gloves
rMut   .         Stasis   .     (no boots)
MR     .....                    (no amulet)
Stlth  ..........               (no ring)
                                r - ring of fire

@: rotting, not resistant to hostile enchantments, extremely unstealthy
A: rotting body, claws 1, carnivore 3, cold resistance 1, negative energy
resistance 3, slow regeneration 1, torment resistance, unbreathing
a: Depart the Abyss, Bend Space, Banish, Renounce Religion


You were on level 5 of the Dungeon.
You worshipped Lugonu.
Lugonu was most pleased with you.
You were not hungry.

You visited 1 branch of the dungeon, and saw 5 of its levels.
You visited the Abyss 1 time.

You collected 216 gold pieces.

Inventory:

Hand Weapons
 a - a +1 mace (weapon)
Missiles
 n - 6 tomahawks (quivered)
 o - 19 bolts of penetration
 x - 64 bolts
Armour
 k - a +0 pair of gloves (worn)
 m - a +0 plate armour (worn)
Jewellery
 r - a ring of fire (left hand)
Wands
 p - a wand of flame (36)
Scrolls
 d - 3 scrolls of identify
 e - a scroll of recharging {unknown}
 f - a scroll of remove curse
 q - 2 scrolls of amnesia
 s - a scroll of magic mapping {unknown}
 t - a scroll of fog {unknown}
 u - 2 scrolls of blinking {unknown}
 w - 3 scrolls of teleportation
Potions
 g - 3 potions of heal wounds
 i - a potion of magic {unknown}
 l - a potion of degeneration {unknown}
 v - 3 potions of curing {unknown}
 z - a potion of berserk rage {unknown}
Comestibles
 b - a chunk of flesh
 c - 3 meat rations
 h - 3 beef jerkies
 j - 2 royal jellies


   Skills:
 * Level 5.0 Fighting
 * Level 3.6 Maces & Flails
 + Level 0.1 Throwing
 * Level 3.6 Armour
 + Level 0.8 Dodging
 * Level 3.2 Invocations


You had 5 spell levels left.
You didn't know any spells.

Dungeon Overview and Level Annotations

Branches:
Dungeon (5/15)
 Temple: D:4-7

Altars:
Fedhas
Gozag
Yredelemnul


Innate Abilities, Weirdness & Mutations

Your body is rotting away.
You thrive on raw meat.
You are immune to poison.
You have sharp fingernails.
You are carnivorous and can eat meat at any time.
Your flesh is cold resistant.
You are immune to negative energy.
You regenerate slowly when monsters are visible.
You are immune to unholy pain and torment.
You can survive without breathing.


Message History

The deep elf mage is moderately wounded.
The deep elf mage hits you with a dagger.
The adder bites you but does no damage.
The deep elf mage points at you and mumbles some strange words.
The shard of ice hits you!
* * * LOW HITPOINT WARNING * * *
The adder bites you but does no damage.
Eat one of 2 chunks of flesh? (ye/n/q/i?) This raw flesh tastes great!
The adder barely misses you.
The phantom blinks!
The deep elf mage hits you but does no damage.
You continue eating.
The adder bites you but does no damage.
The deep elf mage gestures at you while chanting.
You are frozen.
* * * LOW HITPOINT WARNING * * *
You continue eating.
The adder barely misses you.
The phantom blinks!
The deep elf mage gestures at you while chanting.
The shard of ice hits you!
You die...

#.###.##### #.
#. #.# #......
#..#§ #.#
#######
#..#.#### #.#
#.W.....######.#
...............#
≈≈.§....########
≈≈≈≈...........
≈≈≈≈≈≈.@.######
### .≈≈≈≈≈Se.#
... .≈≈≈≈≈≈....
## .≈≈≈≈≈≈..###
≈≈≈≈≈≈≈..#
≈≈≈≈≈≈...#
≈≈≈≈.....#
≈≈........


You could see a phantom, a deep elf mage and an adder.

Vanquished Creatures
  A phantom (D:4)
  A centaur skeleton (D:4)
  4 worker ants
  5 adders
  5 worms
  4 orcs (D:4)
  5 giant cockroaches
  7 goblins
  8 hobgoblins
  3 jackals (D:3)
  5 kobolds
  2 quokkas
  A ball python (D:2)
  11 bats
  2 giant geckos
  8 giant newts
  4 rats
76 creatures vanquished.

Vanquished Creatures (others)
  An ogre (D:4)
1 creature vanquished.

Grand Total: 77 creatures vanquished

Notes
Turn   | Place    | Note
--------------------------------------------------------------
     0 | Abyss:1  | JudasIscariot the Ghoul Abyssal Knight began the quest for the Orb.
     0 | Abyss:1  | Reached XP level 1. HP: 19/19 MP: 1/1
    11 | D:1      | Escaped the Abyss
   168 | D:1      | Reached XP level 2. HP: 8/27 MP: 2/2
   617 | D:1      | Reached skill level 4 in Fighting
   657 | D:1      | Reached ** piety under Lugonu
   779 | D:2      | Reached XP level 3. HP: 28/32 MP: 3/3
  1323 | D:2      | Reached XP level 4. HP: 38/40 MP: 4/4
  1732 | D:3      | Found an opulent altar of Gozag.
  1831 | D:3      | Reached *** piety under Lugonu
  2007 | D:3      | Found a basalt altar of Yredelemnul.
  2281 | D:4      | Noticed an ogre
  2285 | D:4      | Banished an ogre
  2285 | D:4      | Reached XP level 5. HP: 46/46 MP: 6/6
  2529 | D:4      | Reached XP level 6. HP: 38/53 MP: 7/7
  2566 | D:4      | Noticed a phantom
  2584 | D:4      | Killed a phantom
  2971 | D:5      | Entered Level 5 of the Dungeon
  3005 | D:5      | Found a blossoming altar of Fedhas.
  3023 | D:5      | Reached skill level 5 in Fighting
  3073 | D:5      | Noticed a deep elf mage
  3086 | D:5      | HP: 1/56 [deep elf mage/shard of ice (25)]
  3089 | D:5      | Killed from afar by a deep elf mage

Action                   |  1- 3 |  4- 6 || total
-------------------------+-------+-------++-------
Melee: Mace              |   126 |   187 ||   313
Throw: Tomahawk          |     3 |       ||     3
Invok: Banish            |       |     1 ||     1
  Use: Scroll            |     4 |       ||     4
  Eat: Chunk             |    20 |    27 ||    47
